 Dungeon Crawl Stone Soup version 0.29.1-12-g30fa7ad0bf (webtiles) character file.

Game seed: 1139633396910062046

32 Radix the Sneak (level 3, 0/29 HPs)
             Began as a Barachi Brigand on Jan 14, 2023.
             Slain by a jackal (1 damage)
             ... on level 2 of the Dungeon.
             The game lasted 00:04:37 (1157 turns).

Radix the Sneak (Barachi Brigand)                   Turns: 1157, Time: 00:04:37

Health: 0/29       AC:  3    Str: 12    XL:     3   Next: 25%
Magic:  3/3        EV: 12    Int: 11    God:
Gold:   32         SH:  0    Dex: 15    Spells: 2/2 levels left

rFire   . . .      SeeInvis .   a - +2 dagger
rCold   . . .      Faith    .   (no shield)
rNeg    . . .      Spirit   .   b - +0 robe
rPois   .          Reflect  .   (no helmet)
rElec   .          Harm     .   c - +0 cloak
rCorr   .          Rampage  .   (no gloves)
Will    .....                   (no boots)
Stlth   +++.......              (no amulet)
HPRegen 0.09/turn               (no ring)
MPRegen 0.08/turn               (no ring)

@: lethally poisoned (0 -> -5), about to teleport, attractive, slow
A: amphibious, slowness 1, strong legs 1, +LOS
a: Hop


You were on level 2 of the Dungeon.
You visited 1 branch of the dungeon, and saw 2 of its levels.

You collected 32 gold pieces.

Inventory:

Hand Weapons
 a - a +2 dagger (weapon)
Missiles
 d - 9 poisoned darts (quivered)
 e - 3 curare-tipped darts
Armour
 b - a +0 robe (worn)
 c - a +0 cloak (worn)
Scrolls
 f - a scroll of teleportation


   Skills:
 + Level 3.2 Fighting
 + Level 2.8 Short Blades
 - Level 2.0 Throwing
 - Level 1.1 Dodging
 + Level 4.0 Stealth


You had 2 spell levels left.
You didn't know any spells.
Your spell library was empty.

Dungeon Overview and Level Annotations

Branches:
Dungeon (2/15)

Altars:


Innate Abilities, Weirdness & Mutations

You are amphibious.
You cover ground slowly.
You can hop short distances.
You have an extended range of vision and can be seen from far away.


Message History

The adder is moderately wounded.
You feel sick. The adder bites you but does no damage. The jackal bites you.
The jackal bites you but does no damage.
The adder barely misses you.
You hit the adder.
The adder is severely wounded.
You feel sick.
The jackal barely misses you. x2; The adder barely misses you.
You completely miss the adder.
The adder is severely wounded.
You feel sick. The jackal completely misses you. The jackal bites you.
The adder bites you.
You miss the adder.
The adder is severely wounded.
You feel sick.
The jackal bites you but does no damage.
The jackal closely misses you. The adder bites you.
You are more poisoned.
The adder poisons you!
The jackal bites you but does no damage.
As you read the scroll labelled VOESOP HEHI, it crumbles to dust.
You feel strangely unstable.
It was a scroll of teleportation.
* * * LOW HITPOINT WARNING * * *
You feel sick. The jackal bites you.
* * * LOW HITPOINT WARNING * * *
The adder bites you.
* * * LOW HITPOINT WARNING * * *
The jackal misses you. The jackal bites you.
* * * LOW HITPOINT WARNING * * *
As you read the scroll labelled LOUWOWNATI, it crumbles to dust.
It is a scroll of amnesia.
You feel forgetful for a moment.
* * * LOW HITPOINT WARNING * * *
You feel sick. The jackal bites you.
* * * LOW HITPOINT WARNING * * *
The adder barely misses you. The jackal completely misses you.
You hit the adder.
The adder is almost dead.
* * * LOW HITPOINT WARNING * * *
You feel sick. The jackal bites you.
You die...

.. ... ##.# #+##
## #...##
###...#..#
..8...###...8....#
#.............#
#....>hh..#
###..Shh###
##.8@##
###.....###
#....<....#
#.............#
+.8...###...8....
#...## ##...#..
##+# #.## # ...
###


You could see an adder and 4 jackals.

Vanquished Creatures
  A gnoll (D:1)
  An endoplasm (D:1)
  4 giant cockroaches (D:1)
  A goblin (D:1)
  A hobgoblin (D:1)
  A quokka (D:1)
  2 ball pythons (D:1)
  3 bats (D:1)
  4 frilled lizards (D:1)
  2 kobolds (D:1)
  3 rats (D:1)
23 creatures vanquished.

Notes
Turn   | Place    | Note
-------+----------+-------------------------------------------
     0 | D:1      | Radix the Barachi Brigand began the quest for the Orb.
     0 | D:1      | Reached XP level 1. HP: 17/17 MP: 1/1
   194 | D:1      | Reached XP level 2. HP: 3/23 MP: 2/2
   723 | D:1      | Reached skill level 4 in Stealth
   723 | D:1      | Reached XP level 3. HP: 25/29 MP: 3/3
  1156 | D:2      | HP: 1/29 [jackal (1)]
  1157 | D:2      | Slain by a jackal

Illustrated notes

Levels and vault maps discovered:
D:1:      dpeg_arrival_long_road, layout_basic
D:2:      layout_rooms, st_stairs_7, grunt_ministairs_13, uniq_robin

Skill      XL: |  1  2 |
---------------+-------+-----
Fighting       | 3 |  3.2
Stealth        | 4 |  4.0
Short Blades   | |  2.8
Throwing       | |  2.0
Dodging        | |  1.1

Action                   || total
-------------------------++-------
Melee: Dagger            ||   109
       Punch             ||     2
  Use: Scroll            ||     2
       Potion            ||     2
 Stab: Sleeping          ||     2
Armor: Robe              ||    57
Dodge: Dodged            ||    99
